Map: [ESL] Inside and Out

Players

Astrea - Winner!

  • Race: Protoss Protoss
  • Spawn Location: 1:00

Neeb

  • Race: Protoss Protoss
  • Spawn Location: 7:00

Event: DreamHack SC2 Masters 2022 Atlanta (Online)

VOD

Have the link to the VOD?

Description

Time

  • Played on: Oct. 15, 2022, 4:38 p.m.
  • Length: 21:32

All games in this series

Show
View Real Time Build Order
Export as new Build Order

Astrea Protoss - Winner!

Build Orders: 1 Gate Expand, Oracle Opening 

Get SALT Encoding   

  12  0:00  Probe  
  13  0:12  Probe  
  14  0:17  Pylon  
  14  0:24  Probe (Chrono Boost)  
  15  0:36  Probe (Chrono Boost)  
  15  0:37  Gateway  
  16  0:44  Probe (Chrono Boost)  
  16  0:46  Assimilator  
  17  0:51  Probe  
  18  1:00  Pylon  
  18  1:03  Probe  
  20  1:27  Nexus  
  20  1:30  Probe  
  20  1:39  Cybernetics Core  
  20  1:43  Probe  
  21  1:47  Assimilator  
  21  1:55  Probe  
  22  2:07  Probe  
  23  2:13  Adept (Chrono Boost)  
  23  2:19  Probe  
  26  2:26  Stargate  
  26  2:31  Probe  
  26  2:35  Stalker  
  29  2:44  Shield Battery  
  29  2:45  Warp Gate  
  29  2:47  Probe  
  29  2:49  Probe  
  31  2:59  Probe (Chrono Boost)  
  31  3:01  Probe (Chrono Boost)  
  33  3:10  Oracle (Chrono Boost)  
  35  3:13  Probe (Chrono Boost)  
  35  3:17  Probe (Chrono Boost)  
  38  3:20  Probe (Chrono Boost)  
  38  3:24  Probe (Chrono Boost)  
  40  3:27  Probe  
  40  3:30  Pylon  
  41  3:35  Probe  
  41  3:37  Oracle (Chrono Boost)  
  41  3:39  Probe  
  46  3:48  Probe, Gateway  
  47  3:50  Gateway  
  47  3:51  Probe  
  48  3:56  Pylon  
  48  3:59  Assimilator  
  48  4:00  Twilight Council  
  48  4:14  Probe x2  
  50  4:21  Pylon  
  50  4:23  Gateway  
  50  4:26  Probe  
  51  4:32  Blink (Chrono Boost)  
  51  4:33  Stalker  
  51  4:36  Probe  
  54  4:41  Probe  
  54  4:45  Pylon  
  55  4:48  Probe  
  55  4:49  Stalker x2  
  60  4:58  Stalker  
  62  5:01  Pylon  
  62  5:05  Pylon  
  60  5:13  Nexus  
  60  5:25  Stalker x4  
  68  5:34  Pylon  
  68  5:37  Probe x2  
  68  5:39  Shield Battery  
  70  5:49  Stalker x3  
  76  5:51  Stalker  
  78  5:57  Pylon  
  78  6:02  Probe x2  
  80  6:13  Stalker x3  
  80  6:14  Stalker  
  88  6:21  Probe  
  88  6:22  Probe  
  88  6:23  Pylon  
  88  6:25  Pylon  
  90  6:28  Probe  
  90  6:44  Probe  
  85  6:49  Stalker x2  
  85  6:53  Stalker x2  
  88  7:01  Probe  
  86  7:03  Probe  
  86  7:05  Probe, Pylon  
  86  7:13  Probe  
  86  7:15  Probe  
  84  7:17  Probe, Stalker x4  
  90  7:25  Probe  
  90  7:27  Probe  
  90  7:29  Probe  
  86  7:37  Probe  
  86  7:39  Probe  
  86  7:44  Probe  
  89  7:45  Stalker x2  
  89  7:46  Stalker x2  
  89  7:48  Charge (Chrono Boost)  
  89  7:50  Probe  
  98  7:51  Probe  
  98  7:53  Forge  
  98  7:55  Gateway  
  98  7:56  Probe  
  98  7:57  Gateway  
  100  8:05  Probe  
  99  8:09  Probe  
  99  8:12  Stalker x4  
  106  8:13  Protoss Ground Weapons Level 1 (Chrono Boost), Probe  
  106  8:17  Probe  
  106  8:22  Probe  
  108  8:31  Gateway  
  108  8:32  Robotics Facility, Gateway  
  108  8:34  Photon Cannon, Assimilator  
  107  8:42  Stalker x3  
  107  8:43  Stalker  
  115  8:52  Nexus  
  115  8:55  Pylon  
  115  9:08  Stalker x4  
  123  9:17  Pylon  
  123  9:25  Probe x3  
  123  9:27  Observer (Chrono Boost)  
  127  9:31  Zealot  
  127  9:35  Pylon  
  127  9:36  Pylon  
  127  9:38  Shield Battery  
  129  9:40  Photon Cannon  
  129  9:41  Probe, Stalker x4  
  129  9:42  Zealot x2  
  142  9:47  Zealot  
  142  9:51  Probe x2  
  146  9:53  Probe  
  147  10:03  Probe  
  147  10:05  Assimilator  
  147  10:06  Zealot  
  150  10:08  Stalker x4  
  150  10:11  Probe  
  157  10:15  Protoss Ground Weapons Level 2  
  157  10:16  Probe  
  156  10:26  Stalker x4  
  162  10:35  Warp Prism (Chrono Boost)  
  162  10:36  Zealot x4  
  166  10:50  Probe x3  
  166  10:52  Pylon  
  166  10:53  Pylon  
  166  10:54  Pylon  
  164  11:05  Observer (Chrono Boost)  
  164  11:06  Zealot x3  
  164  11:10  Robotics Bay  
  171  11:11  Assimilator  
  171  11:14  Robotics Facility  
  171  11:16  Zealot x5  
  181  11:21  Pylon  
  181  11:22  Pylon  
  181  11:23  Probe x3  
  184  11:29  Zealot x2  
  184  11:30  Zealot  
  190  11:37  Pylon  
  190  11:43  Zealot x5  
  200  11:53  Nexus  
  196  11:58  Zealot x3  
  188  12:02  Probe x3  
  188  12:06  Probe  
  188  12:08  Disruptor (Chrono Boost), Photon Cannon  
  179  12:16  Zealot x5  
  179  12:21  Disruptor (Chrono Boost)  
  179  12:22  Photon Cannon  
  189  12:23  Photon Cannon  
  189  12:25  Photon Cannon  
  189  12:30  Photon Cannon  
  177  12:41  Disruptor (Chrono Boost)  
  173  12:51  Photon Cannon  
  173  12:53  Disruptor (Chrono Boost), Pylon, Probe x3, Photon Cannon  
  173  12:54  Protoss Ground Weapons Level 3 (Chrono Boost)  
  173  12:55  Shield Battery  
  173  12:57  Dark Shrine  
  176  13:07  Probe x5  
  176  13:08  Disruptor (Chrono Boost)  
  184  13:17  Stalker x3  
  188  13:23  Disruptor (Chrono Boost)  
  185  13:36  Disruptor (Chrono Boost)  
  184  13:47  Stalker x6  
  184  13:48  Stalker x2  
  195  13:57  Observer (Chrono Boost)  
  187  14:04  Disruptor (Chrono Boost)  
  187  14:05  Probe  
  163  14:16  Zealot x8  
  171  14:28  Probe x2  
  160  14:38  Shadow Stride (Chrono Boost)  
  161  14:47  Stalker x8  
  174  15:05  Assimilator  
  174  15:06  Assimilator  
  174  15:11  Stalker x8  
  183  15:29  Photon Cannon  
  183  15:31  Robotics Facility  
  183  15:32  Robotics Facility  
  183  15:33  Probe x2  
  183  15:34  Stalker  
  183  15:35  Stalker x6  
  193  15:50  Protoss Shields Level 1  
  193  15:55  Gateway x2  
  187  16:00  Stalker x6  
  187  16:03  Nexus  
  197  16:22  Assimilator  
  197  16:25  Assimilator  
  197  16:28  Pylon  
  197  16:29  Observer x2, Robotics Facility  
  197  16:30  Robotics Facility  
  164  16:50  Disruptor x2  
  164  16:53  Dark Templar  
  172  16:54  Zealot x5  
  172  16:55  Zealot x4  
  190  17:06  Photon Cannon  
  190  17:08  Photon Cannon  
  187  17:09  Shield Battery  
  187  17:11  Shield Battery  
  172  17:17  Zealot x9  
  187  17:23  Disruptor x2  
  166  17:33  Stalker  
  152  17:38  Zealot, Stalker x8  
  152  17:43  Disruptor x2  
  146  17:46  Probe  
  133  17:54  Observer  
  115  17:58  Stalker x2  
  115  18:01  Observer  
  113  18:06  Stalker x6  
  113  18:07  Zealot x2  
  129  18:19  Disruptor x2  
  132  18:21  Observer  
  134  18:27  Probe, Pylon  
  135  18:38  Dark Templar x3  
  139  18:47  Photon Cannon  
  139  18:49  Shield Battery  
  139  18:55  Zealot x7  
  151  19:07  Disruptor  
  147  19:22  Stalker x2  
  147  19:23  Stalker x8  
  162  19:26  Photon Cannon, Assimilator x2  
  162  19:27  Pylon  
  162  19:30  Disruptor x2  
  139  19:48  Probe x2  
  139  19:49  Dark Templar x2  
  118  19:54  Probe  
  118  19:58  Stalker x5  
  118  19:59  Zealot x3  
  133  20:07  Probe x3  
  134  20:28  Zealot x10  
  130  20:52  Stalker x7  
  132  21:04  Stalker x3  
  116  21:21  Stalker x5  
Show
View Real Time Build Order
Export as new Build Order

Neeb Protoss 

Build Orders: Phoenix Opening, Blink Stalkers, Dark Templar Rush 

Get SALT Encoding   

  12  0:00  Probe  
  13  0:12  Probe  
  14  0:16  Pylon  
  14  0:24  Probe (Chrono Boost)  
  15  0:36  Gateway, Probe (Chrono Boost)  
  16  0:44  Probe (Chrono Boost)  
  16  0:45  Assimilator  
  17  0:51  Probe  
  17  0:56  Assimilator  
  18  1:03  Probe (Chrono Boost)  
  19  1:07  Gateway  
  19  1:14  Probe (Chrono Boost)  
  20  1:18  Probe (Chrono Boost)  
  21  1:25  Cybernetics Core  
  21  1:29  Probe  
  22  1:35  Pylon  
  22  1:41  Probe  
  23  1:53  Probe  
  24  2:00  Warp Gate (Chrono Boost)  
  24  2:01  Stalker  
  24  2:02  Stalker  
  24  2:07  Probe  
  29  2:13  Pylon  
  29  2:19  Probe  
  30  2:31  Probe  
  30  2:32  Sentry  
  30  2:34  Sentry  
  35  2:52  Nexus  
  35  2:55  Probe  
  35  3:07  Probe  
  35  3:08  Twilight Council, Phoenix  
  36  3:19  Probe  
  37  3:31  Probe (Chrono Boost)  
  38  3:36  Pylon  
  38  3:42  Blink (Chrono Boost)  
  38  3:44  Probe (Chrono Boost)  
  38  3:47  Dark Shrine  
  39  3:53  Probe (Chrono Boost)  
  39  3:55  Pylon  
  40  4:04  Probe (Chrono Boost)  
  40  4:07  Probe (Chrono Boost)  
  38  4:16  Probe (Chrono Boost)  
  39  4:19  Probe (Chrono Boost)  
  39  4:20  Stalker  
  39  4:24  Probe (Chrono Boost), Stalker  
  43  4:25  Probe (Chrono Boost)  
  43  4:30  Probe  
  46  4:34  Probe, Pylon  
  48  4:42  Probe  
  49  4:46  Probe  
  49  4:48  Stalker x2  
  54  4:54  Probe  
  54  4:58  Probe  
  56  5:06  Probe  
  57  5:08  Nexus  
  57  5:13  Stalker  
  59  5:15  Stalker  
  59  5:17  Probe  
  59  5:23  Probe  
  59  5:29  Probe  
  59  5:32  Pylon  
  59  5:35  Probe  
  61  5:37  Dark Templar  
  61  5:41  Probe  
  64  5:44  Dark Templar  
  64  5:47  Probe  
  67  5:52  Assimilator  
  67  5:53  Probe  
  68  5:59  Probe  
  68  6:00  Gateway  
  68  6:01  Pylon  
  68  6:02  Forge  
  69  6:05  Probe  
  69  6:09  Stalker  
  72  6:12  Probe (Chrono Boost)  
  72  6:16  Pylon  
  72  6:18  Probe (Chrono Boost), Stalker  
  76  6:19  Shield Battery  
  78  6:26  Probe (Chrono Boost)  
  78  6:29  Probe x2 (Chrono Boost)  
  78  6:33  Robotics Facility  
  78  6:34  Probe (Chrono Boost)  
  78  6:35  Probe (Chrono Boost)  
  78  6:39  Dark Templar  
  81  6:40  Probe  
  81  6:44  Probe  
  73  6:49  Shield Battery, Probe  
  74  6:55  Stalker  
  74  6:56  Stalker  
  74  6:57  Protoss Ground Weapons Level 1  
  74  6:58  Probe  
  74  7:00  Shield Battery, Pylon  
  75  7:03  Probe  
  74  7:12  Stalker  
  74  7:13  Probe  
  74  7:15  Probe  
  72  7:20  Stalker x2  
  72  7:21  Probe  
  75  7:24  Shield Battery  
  75  7:26  Immortal (Chrono Boost)  
  79  7:33  Probe  
  79  7:35  Assimilator, Pylon  
  79  7:36  Stalker  
  82  7:39  Probe  
  83  7:44  Stalker  
  83  7:48  Probe  
  83  7:49  Probe, Pylon  
  83  7:51  Stalker  
  87  7:52  Pylon  
  87  7:57  Probe  
  88  8:02  Immortal (Chrono Boost)  
  88  8:09  Stalker  
  88  8:13  Stalker  
  82  8:25  Probe x2  
  83  8:30  Stalker  
  85  8:35  Gateway  
  85  8:36  Charge (Chrono Boost), Immortal (Chrono Boost), Stalker  
  85  8:37  Zealot, Gateway x2  
  85  8:40  Gateway  
  93  8:54  Gateway  
  93  8:56  Sentry  
  93  9:01  Nexus  
  95  9:06  Stalker  
  95  9:07  Stalker  
  99  9:17  Protoss Ground Weapons Level 2 (Chrono Boost)  
  99  9:18  Observer  
  99  9:22  Pylon  
  100  9:26  Zealot  
  100  9:28  Pylon  
  100  9:30  Zealot x2  
  100  9:31  Zealot, Stalker  
  108  9:33  Probe x2, Pylon  
  108  9:35  Photon Cannon  
  108  9:37  Photon Cannon  
  108  9:38  Stalker  
  114  9:43  Probe  
  115  9:46  Stalker x2  
  115  9:52  Probe  
  120  9:54  Photon Cannon  
  120  9:57  Probe  
  120  9:58  Probe  
  122  10:02  Photon Cannon  
  122  10:04  Probe  
  122  10:05  Shadow Stride (Chrono Boost)  
  123  10:09  Probe  
  123  10:10  Probe  
  122  10:15  Stalker x3  
  122  10:19  Probe  
  125  10:21  Stalker  
  117  10:29  Probe (Chrono Boost)  
  117  10:30  Probe (Chrono Boost)  
  117  10:31  Probe (Chrono Boost)  
  118  10:39  Stalker x3  
  118  10:40  Probe (Chrono Boost)  
  118  10:41  Probe (Chrono Boost)  
  118  10:42  Probe (Chrono Boost)  
  128  10:43  Probe (Chrono Boost)  
  128  10:49  Probe (Chrono Boost)  
  130  10:50  Probe x3 (Chrono Boost)  
  130  10:54  Probe (Chrono Boost)  
  130  10:56  Probe  
  133  10:58  Probe  
  133  11:02  Probe  
  126  11:06  Probe  
  126  11:08  Immortal (Chrono Boost), Probe  
  126  11:10  Probe  
  126  11:11  Assimilator  
  133  11:12  Assimilator  
  133  11:14  Pylon  
  133  11:18  Dark Templar x3  
  139  11:23  Zealot x2  
  143  11:26  Shield Battery, Dark Templar  
  143  11:27  Pylon  
  145  11:37  Probe x3  
  145  11:38  Assimilator  
  148  11:41  Zealot x2  
  148  11:42  Immortal (Chrono Boost)  
  148  11:47  Stalker x2  
  159  11:57  Stalker x3  
  159  12:00  Dark Templar  
  159  12:04  Stalker x2  
  161  12:13  Stalker x2  
  161  12:16  Shield Battery  
  161  12:24  Stalker x3  
  161  12:25  Archon  
  161  12:29  Stalker x2  
  166  12:40  Probe x3  
  166  12:41  Photon Cannon  
  166  12:44  Probe  
  167  12:48  Dark Templar x4  
  167  12:49  Zealot x2  
  179  12:52  Probe x3  
  179  12:54  Warp Prism (Chrono Boost)  
  179  12:55  Archon  
  179  12:56  Archon, Probe  
  185  13:04  Probe  
  186  13:10  Dark Templar x2  
  186  13:11  Stalker x2  
  194  13:16  Archon  
  176  13:31  Warp Prism  
  172  13:35  Stalker x6  
  178  13:49  Zealot x2  
  178  13:50  Probe x4  
  182  14:04  Zealot x6  
  154  14:12  Probe x2  
  148  14:27  Probe x2  
  130  14:31  Stalker  
  130  14:32  Stalker x7  
  130  14:35  Robotics Facility, Robotics Bay  
  130  14:36  Robotics Facility  
  140  14:58  Stalker x8  
  152  15:03  Observer  
  152  15:21  Nexus  
  150  15:29  Stalker x8  
  150  15:32  Disruptor x2 (Chrono Boost)  
  175  15:42  Disruptor (Chrono Boost)  
  175  15:49  Pylon  
  169  15:57  Zealot x8  
  169  16:00  Disruptor x2  
  191  16:04  Probe x3  
  191  16:05  Probe  
  191  16:10  Disruptor  
  198  16:12  Photon Cannon  
  198  16:13  Photon Cannon  
  198  16:19  Dark Templar  
  191  16:45  Stalker x7  
  189  16:50  Disruptor (Chrono Boost)  
  189  16:51  Assimilator x2  
  189  16:53  Assimilator  
  192  16:57  Observer (Chrono Boost)  
  193  17:02  Zealot  
  180  17:23  Disruptor  
  180  17:28  Stalker x5  
  167  17:40  Disruptor  
  137  17:57  Observer  
  113  18:06  Stalker x2  
  113  18:07  Stalker x5  
  127  18:14  Gateway  
  127  18:19  Nexus, Gateway, Stalker  
  129  18:22  Pylon  
  129  18:23  Shield Battery, Gateway  
  129  18:25  Gateway  
  129  18:27  Stalker x4  
  129  18:28  Photon Cannon  
  129  18:30  Pylon  
  134  18:37  Disruptor x2 (Chrono Boost)  
  143  18:49  Shield Battery, Disruptor (Chrono Boost)  
  143  18:51  Shield Battery  
  143  18:53  Photon Cannon x2  
  143  18:55  Photon Cannon, Stalker x5  
  152  18:58  Zealot x3  
  145  19:21  Stalker x4  
  145  19:22  Stalker x3  
  158  19:29  Observer x2  
  158  19:30  Observer  
  159  19:44  Zealot x5  
  157  19:45  Zealot x4  
  157  19:46  Zealot x2  
  163  19:56  Disruptor (Chrono Boost)  
  163  19:57  Disruptor x2 (Chrono Boost)  
  168  20:11  Stalker x3  
  169  20:16  Probe x2  
  164  20:41  Zealot x6  
  129  20:50  Stalker x2  
  103  21:00  Dark Templar x3  
  86  21:13  Stalker x3  
  86  21:14  Zealot  
  87  21:23  Stalker x3  
Tags
 
Add a new tag
Caveats
  • Supply blocks, unpowered buildings, or Contaminate may cause inaccurate times.
  • Supply counts are checked every 10 seconds.